 Dungeon Crawl Stone Soup version 0.30-a0-739-gea05faddec (webtiles) character file.

Game seed: 4880550657485251360

221 cheesebisquit the Conjurer (level 5, -9/44 HPs)
             Began as a Draconian Conjurer on Feb 4, 2023.
             Killed from afar by Pikel (17 damage)
             ... with a bolt of dispelling energy
             ... on level 4 of the Dungeon.
             The game lasted 00:14:30 (3907 turns).

cheesebisquit the Conjurer (Draconian Conjurer)     Turns: 3907, Time: 00:14:31

Health: -9/44      AC:  5    Str: 10    XL:     5   Next: 65%
Magic:  4/9        EV: 12    Int: 20    God:
Gold:   265        SH:  0    Dex:  9    Spells: 7/10 levels left

rFire   . . .      SeeInvis .    t - +0 halberd
rCold   . . .      Faith    .    (shield currently unavailable)
rNeg    . . .      Spirit   .    (body armour unavailable)
rPois   .          Reflect  .    (helmet restricted)
rElec   .          Harm     .    (no cloak)
rCorr   .          Rampage  .    (no gloves)
Will    .....                    (no boots)
Stlth   ++                       (no amulet)
HPRegen 0.27/turn                (no ring)
MPRegen 0.11/turn                (no ring)

@: no status effects
A: AC +5, unfitting armour, cold-blooded
a: no special abilities


You were on level 4 of the Dungeon.
You visited 1 branch of the dungeon, and saw 4 of its levels.

You collected 265 gold pieces.

Inventory:

Hand Weapons
 c - a +0 whip
 e - a +0 club
 f - a +0 dagger
 h - a +0 long sword
 m - a +0 spear
 s - a +0 flail
 t - a +0 halberd (weapon)
 v - a +0 quarterstaff
 y - a +0 falchion
 C - a +0 sling
Missiles
 a - 2 throwing nets
 u - 2 poisoned darts
Scrolls
 b - a scroll of fog {unknown}
 j - a scroll of enchant weapon {unknown}
 k - a scroll of immolation
 o - a scroll of brand weapon {unknown}
 r - a scroll of teleportation {unknown}
 w - a scroll of torment {unknown}
 x - a scroll of enchant armour {unknown}
 A - a scroll of noise {unknown}
 B - a scroll of amnesia {unknown}
Potions
 d - a potion of lignification
 g - a potion of might
 i - a potion of flight
 n - a potion of attraction {unknown}
 p - a potion of curing {unknown}
 q - a potion of degeneration {unknown}
 z - 2 potions of mutation {unknown}


   Skills:
 + Level 2.9 Fighting
 - Level 1.7 Dodging
 - Level 1.7 Stealth
 + Level 3.2 Spellcasting
 * Level 5.6 Conjurations


You had 7 spell levels left.
You knew the following spells:

 Your Spells              Type           Power      Damage    Failure   Level
a - Magic Dart            Conj           100%       1d8       1%          1
b - Searing Ray           Conj           50%        2d6       1%          2

Your spell library contained the following spells:

 Spells                   Type           Power      Damage    Failure   Level
 Dazzling Flash           Conj/Hex       28%        N/A       13%         3
 Sting                    Tmut/Pois      12%        1d3       14%         1
 Poisonous Vapours        Pois/Air       6%         N/A       22%         2
 Summon Guardian Golem    Hex/Summ       3%         N/A       38%         3
 Fulminant Prism          Conj/Hex       7%         3d7       41%         4
 Iskenderun's Mystic Bla  Conj/Tloc      14%        2d5       41%         4
 Olgreb's Toxic Radiance  Pois           3%         N/A       80%         4
 Orb of Destruction       Conj           12%        9d7       100%        7
 Spellforged Servitor     Conj/Summ      7%         N/A       100%        7


Dungeon Overview and Level Annotations

Branches:
Dungeon (4/15)
 Temple: D:4-7

Altars:

Annotations:
D:4 Pikel


Innate Abilities, Weirdness & Mutations

Your plain brown scales are hard. (AC +5)
You cannot fit into any form of body armour.
You are cold-blooded and may be slowed by cold attacks.


Message History

Found 13 gold pieces.
You now have 265 gold pieces (gained 13).
The lemure shouts!
Pikel, Merchant of Souls comes into view.
He is wielding a +1 whip of freezing and carrying a wand of quicksilver (10).
The magic dart hits Pikel but does no damage.
The magic dart hits Pikel.
Pikel is lightly wounded.
The magic dart hits Pikel but does no damage.
Pikel is lightly wounded.
A lemure comes into view.
Casting: Magic Dart (safe; 1% risk of failure)
Confirm with . or Enter, or press ? or * to list all spells.
You don't know that spell.
Casting: Magic Dart (safe; 1% risk of failure)
Confirm with . or Enter, or press ? or * to list all spells.
You can't see any susceptible monsters within range! (Use Z to cast anyway.)
The magic dart hits Pikel.
Pikel is lightly wounded.
The lemure shouts!
You hear a shout!
Casting: Magic Dart (safe; 1% risk of failure)
Confirm with . or Enter, or press ? or * to list all spells.
Aiming: Searing Ray (safe; 1% risk of failure)
Press: ? - help, Shift-Dir - straight line, f/p - Pikel
Aim: Pikel, wielding a +1 whip of freezing, wearing a +0 robe and carrying a wand of quicksilver (10) (lightly wounded, 74% to hit)
The searing ray misses Pikel. (Press . to maintain the ray.) Pikel zaps a wand.
The bolt of dispelling energy hits you!
A lemure comes into view.
The searing ray hits Pikel but does no damage.
Pikel is lightly wounded.
Pikel zaps a wand.
The bolt of dispelling energy hits you!!
* * * LOW HITPOINT WARNING * * *
Okay, then.
You feel much better.
Pikel zaps a wand.
The bolt of dispelling energy hits you!
Pikel zaps a wand.
The bolt of dispelling energy hits you!
* * * LOW HITPOINT WARNING * * *
Pikel zaps a wand.
The bolt of dispelling energy hits you!
You die...

#.##..#####.####.##
#.##..#...........#
######
#......)...5...#..#
#.....
#..#...#..5K...#..#
#.####
#..##..#.......#..#
#.#
##..##..)..........#
#.#
#...##.#......).#.##
#.#
#..##.###.......#.#
#.# #....##
#)..@...#.## #.####
#.###.###.##.###...##
#..... #.#
##.#.....##.....##
###### #.#
##.####.#.......##
#.# ### #......>...#
#.# ##.#........# #.#
#...........# #.#
#######..###)..####
#.###.............##
###


You could see Pikel and 2 lemures.

Vanquished Creatures
  A howler monkey (D:4)
  3 gnolls (D:3)
  6 adders
  2 adder zombies (D:2)
  An adder skeleton (D:2)
  2 worms (D:2)
  2 dart slugs
  5 orcs (D:4)
  2 bat skeletons (D:2)
  9 endoplasms
  3 giant cockroaches
  6 goblins
  3 hobgoblins
  4 jackals (D:3)
  5 kobolds
  A quokka (D:3)
  9 ball pythons
  5 bats
  6 frilled lizards
  5 rats
80 creatures vanquished.

Notes
Turn   | Place    | Note
-------+----------+-------------------------------------------
     0 | D:1      | cheesebisquit the Draconian Conjurer began the quest for
                  | the Orb.
     0 | D:1      | Reached XP level 1. HP: 14/14 MP: 3/3
   306 | D:1      | Reached XP level 2. HP: 22/22 MP: 1/5
   370 | D:1      | Reached skill level 1 in Fighting
   960 | D:2      | Reached XP level 3. HP: 27/28 MP: 1/6
  1697 | D:3      | Reached XP level 4. HP: 36/36 MP: 3/8
  1894 | D:3      | Reached skill level 5 in Conjurations
  2104 | D:3      | Reached XP level 5. HP: 42/42 MP: 5/9
  2998 | D:4      | Learned a level 2 spell: Searing Ray
  3814 | D:4      | Noticed a lemure
  3884 | D:4      | Noticed Pikel
  3886 | D:4      | Noticed a lemure
  3888 | D:4      | Noticed a lemure
  3907 | D:4      | Killed from afar by Pikel

Illustrated notes

Levels and vault maps discovered:
D:1:      dpeg_arrival_concentric_ovals, layout_rooms
D:2:      layout_rooms, serial_undead, serial_undead_e, serial_undead_b,
          serial_undead_d, serial_undead_c
D:3:      layout_basic
D:4:      layout_loops_ring, uniq_pikel

Skill      XL: |  1  2  3  4 |
---------------+-------------+-----
Fighting       | 1 2 |  2.9
Conjurations   | 5 |  5.6
Spellcasting   | 3 |  3.2
Dodging        | |  1.7
Stealth        | |  1.7

Action                     |  1- 3 |  4- 6 || total
---------------------------+-------+-------++-------
  Melee: Whip              |     3 |       ||     3
         Long sword        |     7 |       ||     7
         Tailslap          |     2 |     1 ||     3
         Halberd           |       |     9 ||     9
   Cast: Magic Dart        |    84 |    87 ||   171
         Searing Ray       |       |     5 ||     5
    Use: Potion            |       |     3 ||     3
         Scroll            |       |     5 ||     5
 Armour: Skin              |     4 |    11 ||    15
  Dodge: Dodged            |     9 |    26 ||    35

Table legend: (Time is in decaauts)
 A = Elapsed time spent in this place.
 B = Non-inter-level travel time spent in this place.
 C = Inter-level travel time spent in this place.
 D = Time resting spent in this place.
 E = Time spent auto-exploring this place.
 F = Levels seen in this place.
 G = Mean time per level.
                   A        B        C        D        E       F      G
               +--------+--------+--------+--------+--------+-----+--------+
         Total |   3914 |   3721 |    193 |    392 |   2816 |   4 |  978.5 |
       Dungeon |   3914 |   3721 |    193 |    392 |   2816 |   4 |  978.5 |
               +--------+--------+--------+--------+--------+-----+--------+

Top non-repeatable levels by time:
     D:4: 1114 daAuts
     D:3: 1079 daAuts
     D:2: 928 daAuts
     D:1: 791 daAuts
